 Dungeon Crawl Stone Soup version 0.22-a0-388-g09e6169 (webtiles) character file.

90 Mgcat the Insei (level 4, -4/28 HPs)
             Began as an Octopode Transmuter on Apr 29, 2018.
             Slain by a hobgoblin
             ... wielding a +0 club
             ... led by Robin
              (7 damage)
             ... on level 2 of the Dungeon.
             The game lasted 00:04:20 (1855 turns).

Mgcat the Insei (Octopode Transmuter)               Turns: 1855, Time: 00:04:21

Health: -4/28      AC:  1    Str:  9    XL:     4   Next: 56%
Magic:  7/7        EV: 14    Int: 16    God:
Gold:   97         SH:  0    Dex: 16    Spells: 1/7 levels left

rFire    . . .     SeeInvis .     - Unarmed
rCold    . . .     Gourm    .   (no shield)
rNeg     . . .     Faith    .   (helmet restricted)
rPois    .         Spirit   .   (no amulet)
rElec    .         Reflect  .   b - +4 ring of dexterity
rCorr    .         Harm     .   (no ring)
MR       .....                  (no ring)
Stlth    ++........             (no ring)
HPRegen  0.09/turn              (no ring)
MPRegen  0.10/turn              (no ring)
                                (no ring)
                                (no ring)

@: appendage (expiring)
A: almost no armour, stealthy swim, amphibious, 8 rings, constrict 8, tentacle
spike 3, camouflage 1, gelatinous body 1
a: End Transformation


You were on level 2 of the Dungeon.
You were hungry.
One of your tentacles had a temporary spike.
You visited 1 branch of the dungeon, and saw 3 of its levels.

You collected 97 gold pieces.

Inventory:

Missiles
 a - 28 arrows
Jewellery
 b - a +4 ring of dexterity (left tentacle)
   (You found it on level 1 of the Dungeon)
Scrolls
 e - 2 scrolls of teleportation {unknown}
 f - a scroll of fear {unknown}
 i - a scroll of remove curse {unknown}
Potions
 d - 4 potions of curing {unknown}
 g - a potion of haste {unknown}
 h - a potion of brilliance {unknown}
 k - a potion of heal wounds {unknown}
Comestibles
 c - 5 rations
 j - 4 chunks of flesh {@w0}


   Skills:
 - Level 1.0 Fighting
 - Level 2.0 Dodging
 + Level 4.0 Unarmed Combat
 - Level 2.0 Spellcasting
 + Level 3.3 Transmutations
 + Level 1.8 Poison Magic


You had one spell level left.
You knew the following spells:

 Your Spells              Type           Power        Failure   Level  Hunger
a - Beastly Appendage     Tmut           ##....       5%          1    #......
b - Sticks to Snakes      Tmut           ##......     9%          2    ###....
c - Spider Form           Tmut/Pois      #.........   22%         3    ###....


Dungeon Overview and Level Annotations

Branches:
Dungeon (3/15)

Altars:

Annotations:
D:3 Robin


Innate Abilities, Weirdness & Mutations

You cannot wear most types of armour.
You are very stealthy in the water. (Stealth+)
You are amphibious.
You can wear up to eight rings at the same time.
You can use your tentacles to constrict eight enemies at once.
Your skin changes colour to match your surroundings (Stealth+).
Your rubbery body absorbs attacks. (AC +1, EV +1)
One of your tentacles bears a large vicious spike.


Message History

One of your tentacles grows a vicious spike.
The helpless frilled lizard fails to defend itself.
You tentacle-slap the frilled lizard.
You kill the frilled lizard!
No target in view!
No target in view!
No target in view!
You butcher the frilled lizard corpse.
j - 9 chunks of flesh {@w0} (gained 1)
You open the door.
Your transformation is almost over.
There is an open door here.
You open the door.
There is an open door here.
Your tentacle spike disappears.
Some of the chunks of flesh in your inventory have rotted away.
There is an open door here.
You see here 21 stones.
Done exploring.
Casting: Beastly Appendage (safe; 5% risk of failure)
Confirm with . or Enter, or press ? or * to list all spells.
One of your tentacles grows a vicious spike.
No target in view!
Done exploring.
Done exploring.
Done exploring.
Done exploring.
Done exploring.
Done exploring.
Done exploring.
Done exploring.
Done exploring.
(D) Dungeon
Where to? (Enter - D:2, ? - help)
What level of the Dungeon? (default 1, ? - help) Some of the chunks of flesh in your inventory have rotted away.
Your transformation is almost over.
Your tentacle spike disappears.
There is a stone staircase leading down here.
You climb downwards.
A goblin comes into view.
The goblin shouts!
You hear a shout! x3
There is a stone staircase leading up here.
Casting: Beastly Appendage (safe; 5% risk of failure)
Confirm with . or Enter, or press ? or * to list all spells.
One of your tentacles grows a vicious spike.
A hobgoblin comes into view. It is wielding a club.
A goblin comes into view.
The goblin shouts!
A goblin and Robin come into view.
Robin shouts!
The goblin shouts!
You hear an angry hiss.
Robin throws the goblin at you! The goblin closely misses you.
The goblin misses you.
A rat comes into view.
You are feeling hungry.
The hobgoblin shouts!
You tentacle-slap the goblin. You grab the goblin.
You kill the goblin!
You hear a shout! x2
A goblin and a hobgoblin come into view.
The hobgoblin shouts!
You tentacle-slap the goblin.
You kill the goblin!
A goblin comes into view.
Robin throws the goblin at you! The goblin barely misses you.
An adder comes into view.
You tentacle-slap the goblin but do no damage.
Your grab misses the goblin. You tentacle-slap the goblin.
Your grab misses the goblin.
You pierce the goblin, but do no damage.
Your squeeze misses the goblin.
The goblin is moderately wounded.
The goblin hits you with a dagger.
Robin roars a battlecry!
The goblins go into a battle-frenzy!
You hear a shout!
You miss the goblin. Your grab misses the goblin.
The goblin is moderately wounded.
The goblin closely misses you. The rat misses you.
Robin zaps a wand.
The puff of flame hits you!
It is a wand of flame (23).
You tentacle-slap the goblin.
You kill the goblin!
The hobgoblin misses you. The rat bites you. The goblin hits you.
* * * LOW HITPOINT WARNING * * *
The hobgoblin hits you but does no damage.
There is a stone staircase leading up here.
You see here a dagger.
The rat barely misses you. Robin throws the goblin at you!
You climb upwards.
There is a stone staircase leading down here.
Your transformation is almost over.
The rat barely misses you. The hobgoblin hits you with a club.
* * * LOW HITPOINT WARNING * * *
You see here 16 poisoned needles.
You barely miss the rat. You grab the rat.
You kill the rat!
You tentacle-slap the hobgoblin. Your grab misses the hobgoblin.
The hobgoblin is moderately wounded.
The hobgoblin hits you with a club!
You die...

#.###.# #.##.#.#.#
#..##.# #.##.#.#.#
##....# #.##.#.#.#
#.....# #.##.#.#.#
#.....# #.##.#.#.#
#.....# #.#...<#.#
#.##..# #.#..#.#.#
#.##..####.#......#
#.##..g@........###
#.##..####.#....######
#.#..># #.#.........#
#.#.### #.#.#..####.#
#...# #.#..)..# #.#
##### #.......# #.#
#######.# #.# #.....#
#)# #.##### #.#


You could see a hobgoblin.

Vanquished Creatures
  Terence (D:2)
  An ooze (D:1)
  A worm (D:2)
  3 dart slugs
  5 giant cockroaches
  9 goblins
  5 hobgoblins
  2 jackals (D:1)
  2 quokkas (D:2)
  A ball python (D:2)
  5 bats
  3 frilled lizards
  7 kobolds
  7 rats
52 creatures vanquished.

Notes
Turn   | Place    | Note
-------+----------+-------------------------------------------
     0 | D:1      | Mgcat the Octopode Transmuter began the quest for the Orb.
     0 | D:1      | Reached XP level 1. HP: 13/13 MP: 3/3
   127 | D:1      | HP: 1/13 [kobold/dagger (5)]
   382 | D:1      | Reached XP level 2. HP: 15/18 MP: 3/5
   411 | D:1      | Learned a level 2 spell: Sticks to Snakes
   633 | D:1      | HP: 2/18 [ooze (4)]
   634 | D:1      | Reached XP level 3. HP: 3/23 MP: 6/6
   639 | D:1      | Learned a level 3 spell: Spider Form
  1041 | D:2      | Noticed Terence
  1052 | D:2      | Killed Terence
  1052 | D:2      | Reached skill level 3 in Transmutations
  1052 | D:2      | Reached skill level 1 in Poison Magic
  1281 | D:2      | Reached XP level 4. HP: 28/28 MP: 5/7
  1606 | D:2      | Reached skill level 4 in Unarmed Combat
  1840 | D:3      | Noticed Robin
  1847 | D:3      | HP: 5/28 [goblin[Robin] (5)]
  1855 | D:2      | Slain by a hobgoblin

Vault maps used:
D:1:      matt_arrival_diagonals, nrook_mini_vaults
D:2:      uniq_terence
D:3:      gammafunk_temple_overflow_pools, uniq_robin

Skill      XL: |  1  2  3  4 |
---------------+-------------+-----
Transmutations | 3 |  3.3
Poison Magic   | 1 |  1.8
Unarmed Combat | 4 |  4.0
Fighting       | |  1.0
Dodging        | |  2.0
Spellcasting   | |  2.0

Action                   |  1- 3 |  4- 6 || total
-------------------------+-------+-------++-------
Melee: Unarmed           |    58 |    49 ||   107
       Kick              |    18 |    13 ||    31
       Constrict         |    13 |    16 ||    29
       Tentacles         |     7 |     8 ||    15
       Punch             |     2 |     1 ||     3
 Cast: Beastly Appendage |    18 |    13 ||    31
 Stab: Sleeping          |     6 |     2 ||     8
  Eat: Chunk             |     1 |     2 ||     3
Armor: Skin              |     5 |     6 ||    11
Dodge: Dodged            |    34 |    38 ||    72

Table legend:
 A = Spawn XP
 B = Non-spawn XP
 C = Spawn XP percentage of total XP
 D = Spawn monster count
 E = Non-spawn monster count
 F = Spawn count percentage of total count
 G = Total turns spent on level
                    A         B        C        D         E        F      G
               +---------+---------+-------+---------+---------+-------+---------
         Total |       0 |     129 |   0.0 |       0 |      52 |   0.0 |  1855
               +---------+---------+-------+---------+---------+-------+---------
           D:1 |       0 |      34 |   0.0 |       0 |      16 |   0.0 |  1005
           D:2 |       0 |      89 |   0.0 |       0 |      33 |   0.0 |   836
           D:3 |       0 |       6 |   0.0 |       0 |       3 |   0.0 |    14
               +---------+---------+-------+---------+---------+-------+---------

Vault maps used:
D:1:      matt_arrival_diagonals, nrook_mini_vaults
D:2:      uniq_terence
D:3:      gammafunk_temple_overflow_pools, uniq_robin

Table legend:
 A = Turns spent in this place as a percentage of turns spent in the entire game.
 B = Non-inter-level travel turns spent in this place as a percentage of non-inter-level travel turns spent in the entire game.
 C = Inter-level travel turns spent in this place as a percentage of turns spent in this place.
 D = Turns resting spent in this place as a percentage of non-inter-level travel turns spent in this place.
 E = Turns spent auto-exploring this place as a percentage of non-inter-level travel turns spent in this place.
 F = Non-inter-level travel turns spent in this place divided by the number of levels of this place that you've seen.
                   A       B       C       D       E      F
               +-------+-------+-------+-------+-------+----------------------
         Total | 100.0 | 100.0 |   2.0 |   0.0 |  81.2 | 606.0
       Dungeon | 100.0 | 100.0 |   2.0 |   0.0 |  81.2 | 606.0
               +-------+-------+-------+-------+-------+----------------------

Table legend:
 A = Kills in this place as a percentage of kills in entire the game.
 B = Kills by you in this place as a percentage of kills by you in the entire game.
 C = Kills by friends in this place as a percentage of kills by friends in the entire game.
 D = Other kills in this place as a percentage of other kills in the entire game.
 E = Experience gained in this place as a percentage of experience gained in the entire game.
 F = Experience gained in this place divided by the number of levels of this place that you have seen.
                   A       B       C       D       E      F
               +-------+-------+-------+-------+-------+----------------------
         Total | 100.0 | 100.0 |   N/A |   N/A | 100.0 |  43.0
       Dungeon | 100.0 | 100.0 |   N/A |   N/A | 100.0 |  43.0
               +-------+-------+-------+-------+-------+----------------------
